 Dungeon Crawl Stone Soup version 0.32-a0-995-gb4a59205af (webtiles) character file.

Game seed: 413869720116517677

3843 LadyBoffin the Conjurer (level 9, -6/75 HPs)
             Began as a Green Draconian Conjurer on Apr 22, 2024.
             Was a Follower of Vehumet.
             Killed from afar by a white imp (7 damage)
             ... with a puff of frost
             ... on level 8 of the Dungeon on Apr 23, 2024.
             The game lasted 00:49:59 (8586 turns).

LadyBoffin the Conjurer (Green Draconian Conjurer)  Turns: 8586, Time: 00:49:59

Health: -6/75      AC: 13    Str: 13 (14) XL:     9   Next: 98%
Magic:  18/18      EV: 10    Int: 21 (22) God:    Vehumet [*.....]
Gold:   641        SH:  0    Dex:  8 (9)  Spells: 17/20 levels left

rFire   . . .        n - +3 flail (drain)
rCold   . . .        c - +0 kite shield
rNeg    . . .        (body armour unavailable)
rPois   +            (helmet restricted)
rElec   .            a - +2 cloak {Will+}
rCorr   .            j - +2 pair of gloves {Str+3}
SInv    .            (no boots)
Will    ++...        b - amulet of regeneration
Stlth   +            m - ring of willpower
HPRegen 1.12/turn    (no ring)
MPRegen 0.16/turn

%: no passive effects
@: confused, brilliant, lethally poisoned (-6 -> -9), ambrosia-drunk, attractive
A: noxious breath, AC +7, unfitting armour, poison resistance, cold-blooded
a: Noxious Breath, Renounce Religion


You were on level 8 of the Dungeon.
You worshipped Vehumet.
Vehumet was aware of your devotion.
You visited 2 branches of the dungeon, and saw 9 of its levels.

You collected 1314 gold pieces.
You spent 673 gold pieces at shops.

Inventory:

Hand Weapons
 n - a +3 flail of draining (weapon)
 A - a +0 dire flail
Armour
 a - a +2 cloak of willpower (worn)
 c - a +0 kite shield (worn)
 j - a +2 pair of gloves of strength (worn)
 o - a +0 pair of gloves
 t - a +0 cloak
Jewellery
 b - an amulet of regeneration (around neck)
 g - a ring of fire
 m - a ring of willpower (left hand)
 q - an amulet of the acrobat
 v - a ring of fire
 x - a ring of positive energy
Wands
 i - a wand of iceblast (10)
 s - a wand of mindburst (13)
 y - a wand of paralysis (12)
Scrolls
 k - a scroll of fog
 B - 2 scrolls of immolation
Potions
 d - 2 potions of degeneration
 e - a potion of lignification {unknown}
 f - 2 potions of enlightenment
 h - 2 potions of curing
 l - a potion of heal wounds {unknown}
 p - a potion of ambrosia
 r - a potion of mutation {unknown}
 u - a potion of brilliance
 w - a potion of resistance {unknown}
 z - a potion of attraction


   Skills:
 - Level 6.0 Fighting
 + Level 6.1 Dodging
 - Level 2.0 Stealth
 + Level 6.2 Shields
 + Level 6.2 Spellcasting
 - Level 7.0 Conjurations
 * Level 3.7 Translocations


You had 17 spell levels left.
You knew the following spells:

 Your Spells              Type           Power      Damage    Failure   Level
a - Magic Dart            Conj           100%       1d8       1%          1
b - Searing Ray           Conj           100%       2d8       2%          2

Your spell library contained the following spells:

 Spells                   Type           Power      Damage    Failure   Level
 Sting                    Conj/Alch      100%       1d9       7%          1
 Blink                    Tloc           66%        N/A       10%         2
 Lesser Beckoning         Tloc           66%        N/A       10%         2
 Maxwell's Portable Pile  Tloc           33%        2d(8-23)  19%         3
 Teleport Other           Tloc           33%        N/A       19%         3
 Iskenderun's Mystic Bla  Conj/Tloc      43%        2d10      (+2d530%    4
 Call Imp                 Summ           18%        N/A       41%         2
 Flame Wave               Conj/Fire      32%        2d9       54%         4
 Fulminant Prism          Conj/Alch      16%        3d10      54%         4
 Inner Flame              Hex/Fire       9%         N/A       65%         3
 Animate Dead             Necr           9%         N/A       96%         4
 Sticky Flame             Fire/Alch      9%         2d5       96%         4
 Borgnjor's Vile Clutch   Necr/Erth      4%         N/A       100%        5
 Death Channel            Necr           4%         N/A       100%        6


Dungeon Overview and Level Annotations

Branches:
Dungeon (8/15)             Temple (1/1) D:5
   Lair: D:8-11

Altars:
Ashenzari
Cheibriados
Dithmenos
Elyvilon
Fedhas
Hepliaklqana
Kikubaaqudgha
Makhleb
Nemelex Xobeh
Okawaru
Qazlal
Ru
Sif Muna
Trog
Uskayaw
Vehumet
Wu Jian
Xom
Yredelemnul
Zin
The Shining One

Shops:
D:3 =   D:4 [:[   D:7 *


Innate Abilities, Weirdness & Mutations

You can breathe blasts of noxious fumes.
Your lurid green scales are hard. (AC +7)
You cannot fit into any form of body armour.
Your system is resistant to poisons. (rPois)
You are cold-blooded and may be slowed by cold attacks.


Message History

Something closely misses the killer bee.
The killer bee stings you but does no damage.
A killer bee comes into view.
The hornet misses you.
The white imp hits you but does no damage.
The gargoyle hurls a stone arrow at you.
The stone arrow misses you.
Unknown command.
It was a potion of brilliance.
You feel clever all of a sudden. The killer bee stings you.
* * * LOW HITPOINT WARNING * * *
The hornet closely misses you. The killer bee stings you!
* * * LOW HITPOINT WARNING * * *
The hornet stings you.
* * * LOW HITPOINT WARNING * * *
The white imp hits you but does no damage.
The gargoyle hits you but does no damage.
It was a potion of attraction.
You feel attractive to monsters. The killer bee closely misses you.
The killer bee misses you. The hornet stings you.
* * * LOW HITPOINT WARNING * * *
The white imp gestures at you. The puff of frost hits you.
* * * LOW HITPOINT WARNING * * *
The gargoyle hurls a stone arrow at you.
The stone arrow hits you but does no damage.
Unknown command.
It was a potion of degeneration.
There was something very wrong with that liquid.
You feel weakened.
You feel dopey.
You feel clumsy. The killer bee stings you.
* * * LOW HITPOINT WARNING * * *
You are lethally poisoned!
The killer bee poisons you! The hornet closely misses you.
The killer bee misses you. The hornet closely misses you.
The white imp gestures at you. The puff of frost hits you!
You die...

#... .y.#..#......... #...
.................... #...
...#..#..#.y#....... #...
.....#..#..#y{#..#...... #.>.
......#..#..#..#Y.§..... #...
.......#..#..#y{#§§.§... ####...
.....#..#.§#§§#9y#§.§...###.....#
?........§§§§§o5@y§###.#..##.#.##
........##§§§§{##§§##.........###
#.......##§§§§§##§####.......####
#.......§§§§§§§.## #..#).####..
##.....##........# ##.##.##.##.
#.#.........##...# ##......... #
#....##.#..#..## ###.#.e##.
#...######....## ###..##. ##.#
#..## #.....


You could see a hornet, an orc warrior, a gargoyle, an ice beast, 3 killer bees
and a white imp.

Vanquished Creatures
  A two-headed ogre (D:7)
  Maggie (D:7)
  A hornet (D:7)
  Grinder (D:5)
  2 steam dragons
  Edmund (D:5)
  Menkaure (D:5)
  A water moccasin (D:8)
  A black bear (D:5)
  An orc warrior (D:4)
  An ice beast (D:7)
  A centaur (D:8)
  2 kobold brigands
  A phantom (D:5)
  4 bullfrogs
  A scorpion (D:5)
  A wight (D:7)
  7 howler monkeys
  3 jellies (D:4)
  A bombardier beetle (D:6)
  2 hounds
  2 orc priests
  2 sleepcaps
  5 orc wizards
  5 iguanas
  5 adders
  3 gnolls
  2 white imps
  2 ufetubi (D:5)
  6 ribbon worms
  A dart slug (D:1)
  31 orcs
  6 ball pythons
  2 endoplasms
  3 giant cockroaches (D:2)
  6 goblins
  6 hobgoblins
  3 bats
  14 kobolds
  4 rats
143 creatures vanquished.

Notes
Turn   | Place    | Note
-------+----------+-------------------------------------------
     0 | D:1      | LadyBoffin the Draconian Conjurer began the quest for the
                  | Orb.
     0 | D:1      | Reached XP level 1. HP: 14/14 MP: 3/3
   369 | D:1      | Reached XP level 2. HP: 20/20 MP: 0/5
   843 | D:2      | Reached XP level 3. HP: 15/27 MP: 0/6
  1109 | D:2      | Reached skill level 1 in Fighting
  1206 | D:2      | Learned a level 2 spell: Searing Ray
  1512 | D:2      | Found a faded altar of an unknown god.
  1603 | D:2      | Reached skill level 1 in Shields
  1869 | D:3      | Reached XP level 4. HP: 35/35 MP: 0/7
  2203 | D:3      | Found a broken altar of Ashenzari.
  2313 | D:3      | Noticed a bullfrog
  2320 | D:3      | Killed a bullfrog
  2321 | D:3      | Reached XP level 5. HP: 30/41 MP: 2/9
  2623 | D:3      | Found Gaghor's Jewellery Emporium.
  2747 | D:3      | Reached XP level 6. HP: 50/50 MP: 1/10
  3338 | D:4      | Found Vafinyof's Book Shop.
  3342 | D:4      | Identified a scroll of acquirement
  3342 | D:4      | Acquired 1010 gold pieces
  3484 | D:4      | Found Icakastaq's Antique Armour Emporium.
  3532 | D:4      | Noticed an orc warrior
  3547 | D:4      | Reached skill level 5 in Conjurations
  3624 | D:4      | Killed an orc warrior
  3655 | D:4      | Bought a glowing cloak for 202 gold pieces
  3671 | D:4      | Bought a book of Flames for 336 gold pieces
  3949 | D:4      | Your scales start taking on a lurid green colour.
  3949 | D:4      | Reached XP level 7. HP: 57/57 MP: 1/12
  3949 | D:4      | Gained mutation: Your system is resistant to poisons.
                  | (rPois) [Green Draconian growth]
  4082 | D:4      | Found Samayw's Antique Armour Shop.
  4106 | D:4      | Bought a pair of embroidered gloves for 135 gold pieces
  4451 | D:5      | Entered Level 5 of the Dungeon
  4605 | D:5      | Found a glowing golden altar of the Shining One.
  4761 | D:5      | Found a staircase to the Ecumenical Temple.
  4770 | Temple   | Entered the Ecumenical Temple
  4796 | Temple   | Became a worshipper of Vehumet
  5080 | D:5      | Noticed Menkaure
  5195 | D:5      | Noticed Edmund
  5310 | D:5      | Killed Menkaure
  5311 | D:5      | Reached XP level 8. HP: 66/66 MP: 5/14
  5391 | D:5      | Noticed Grinder
  5464 | D:5      | Killed Edmund
  5488 | D:5      | Killed Grinder
  5489 | D:5      | Reached skill level 6 in Conjurations
  5797 | D:6      | Found a blossoming altar of Fedhas.
  5904 | D:6      | You fall into a shaft and drop 2 floors!
  5919 | D:7      | Found an iron altar of Okawaru.
  6357 | D:6      | Reached skill level 5 in Fighting
  6694 | D:6      | Reached skill level 5 in Spellcasting
  6886 | D:7      | Reached skill level 5 in Dodging
  6912 | D:7      | Reached skill level 5 in Shields
  6912 | D:7      | Reached XP level 9. HP: 74/74 MP: 11/16
  7014 | D:7      | Noticed Maggie
  7036 | D:7      | Killed Maggie
  7292 | D:7      | Reached * piety under Vehumet
  7292 | D:7      | Offered knowledge of Sting by Vehumet.
  7405 | D:7      | Found a sparkling altar of Nemelex Xobeh.
  7405 | D:7      | Found an ornate altar of the Wu Jian Council.
  7589 | D:7      | Found Togioxac's Assorted Antiques.
  7681 | D:8      | Reached skill level 7 in Conjurations
  7695 | D:8      | Noticed a two-headed ogre
  8031 | D:8      | Noticed a two-headed ogre
  8042 | D:8      | Identified the +6 war axe of the Depths {distort, Dex+2}
  8042 | D:8      | Identified the +2 robe of Resourcefulness {rC+}
  8042 | D:8      | Noticed a deep elf pyromancer
  8257 | D:7      | Paralysed by a hornet for 2 turns
  8261 | D:7      | Reached skill level 1 in Translocations
  8350 | D:7      | Killed a two-headed ogre
  8562 | D:8      | Noticed a gargoyle
  8577 | D:8      | Paralysed by a hornet for 3 turns
  8585 | D:8      | HP: 1/75 [white imp/puff of frost (5)]
  8586 | D:8      | Killed from afar by a white imp

Illustrated notes

Levels and vault maps discovered:
D:1:      co_arrival_random_square_maze, layout_rooms
D:2:      layout_loops_ring, dreamdust_ecumenical_altar_grove
D:3:      layout_basic, ashenzari_conservatory_becter, serial_shops,
          nicolae_shop_waterfront, hangedman_decor_points
D:4:      layout_rooms, serial_shops, shop_statue, shop,
          nicolae_shop_real_fake_doors, nicolae_wormholes
D:5:      layout_rooms, tso_metal_star, minmay_temple_entry_antechambers,
          uniq_edmund, uniq_menkaure, uniq_grinder
D:6:      cheibrodos_quashed, layout_basic, fedhas_ov_isle_minmay
D:7:      layout_rooms, mainiacjoe_overflow_chevrons,
          gammafunk_temple_overflow_wave, serial_shops, nicolae_shop_peninsula,
          dreamdust_mushroom_princess, minivault_24, uniq_maggie
D:8:      minmay_the_grid_square_5x5_3x3
          [minmay_the_grid_square_5x5_checkered_statues,
          minmay_the_grid_square_5x5_plus,
          minmay_the_grid_square_5x5_broken_cross,
          minmay_the_grid_square_5x5_two,
          minmay_the_grid_square_5x5_megaprize_crossed,
          minmay_the_grid_square_5x5_n_small,
          minmay_the_grid_square_5x5_eight_small,
          minmay_the_grid_square_5x5_dogpile,
          minmay_the_grid_square_5x5_longway], layout_cave_pools,
          minmay_misc_feat_diagonals, st_stairs_4
Temple:   bh_familiar_temple

Skill      XL: |  1  2  3  4  5  6  7  8  9 |
---------------+----------------------------+-----
Stealth        | 2 |  2.0
Dodging        | 2 3 4 5 6 |  6.1
Fighting       | 1 2 3 4 5 6 |  6.0
Shields        | 1 2 3 5 6 |  6.2
Spellcasting   | 3 4 5 6 |  6.2
Conjurations   | 5 6 7 |  7.0
Translocations | 3 |  3.7

Action                     |  1- 3 |  4- 6 |  7- 9 || total
---------------------------+-------+-------+-------++-------
  Melee: Unarmed           |    18 |       |       ||    18
         Tailslap          |     6 |     6 |    18 ||    30
         Whip              |    20 |    58 |    14 ||    92
         Flail             |       |       |   129 ||   129
   Cast: Magic Dart        |    44 |    95 |   131 ||   270
         Searing Ray       |     2 |     9 |    27 ||    38
Ability: Noxious Breath    |       |       |     7 ||     7
  Evoke: Wand              |       |       |     3 ||     3
    Use: Scroll            |     3 |     6 |    10 ||    19
         Potion            |       |     1 |     5 ||     6
   Stab: Sleeping          |       |       |     2 ||     2
         Distracted        |       |       |     1 ||     1
         Confused          |       |       |     1 ||     1
 Armour: Skin              |    43 |    63 |   258 ||   364
  Dodge: Dodged            |    15 |    43 |   129 ||   187
  Block: Kite shield       |    12 |    32 |   139 ||   183

Table legend: (Time is in decaauts)
 A = Elapsed time spent in this place.
 B = Non-inter-level travel time spent in this place.
 C = Inter-level travel time spent in this place.
 D = Time resting spent in this place.
 E = Time spent auto-exploring this place.
 F = Levels seen in this place.
 G = Mean time per level.
                   A        B        C        D        E       F      G
               +--------+--------+--------+--------+--------+-----+--------+
         Total |   8714 |   8263 |    451 |   2662 |   2862 |   9 |  968.2 |
       Dungeon |   8662 |   8260 |    402 |   2662 |   2862 |   8 | 1082.8 |
        Temple |     51 |      2 |     49 |      0 |      0 |   1 |   51.0 |
               +--------+--------+--------+--------+--------+-----+--------+

Top non-repeatable levels by time:
     D:7: 1474 daAuts
     D:4: 1441 daAuts
     D:5: 1220 daAuts
     D:6: 1193 daAuts
     D:3: 1140 daAuts
     D:2: 1130 daAuts
     D:1: 861 daAuts
     D:8: 200 daAuts
  Temple: 51 daAuts
